 Dungeon Crawl Stone Soup version 0.20.0-10-g0535bb4 (webtiles) character file.

1405 vatarom the Cutter (level 8, -5/42 HPs)
             Began as a Spriggan Assassin on June 6, 2017.
             Was a Follower of Uskayaw.
             Slain by Edmund
             ... wielding a +2 dire flail of protection
              (13 damage)
             ... on level 6 of the Dungeon on June 7, 2017.
             The game lasted 00:14:34 (5768 turns).

vatarom the Cutter (Spriggan Assassin)              Turns: 5768, Time: 00:14:34

Health: -5/42      AC:  5    Str:  6 (8)  XL:     8   Next: 42%
Magic:  14/14      EV: 18    Int: 10 (13) God:    Uskayaw [*.....]
Gold:   313        SH:  0    Dex: 17 (18) Spells: 7/7 levels left

rFire    . . .     SeeInvis +   b - +0 blowgun
rCold    . . .     Gourm    .   (shield restricted)
rNeg     . . .     Faith    .   c - +1 robe
rPois    .         Spirit   .   (helmet restricted)
rElec    .         Reflect  .   d - +0 cloak
rCorr    .         Harm     .   (gloves unavailable)
MR       +....                  (boots unavailable)
Stlth    +++.......             (no amulet)
Regen    0.2/turn               (no ring)
MPRegen  0.2/turn               (no ring)

@: very quick
A: unfitting armour, see invisible, herbivore 3, speed 3, high mp 1, mutation
resistance 1, shaggy fur 1, slow metabolism 2
a: Stomp, Renounce Religion


You were on level 6 of the Dungeon.
You worshipped Uskayaw.
Uskayaw was noncommittal.
You were not hungry.

You visited 2 branches of the dungeon, and saw 7 of its levels.

You collected 313 gold pieces.

Inventory:

Hand Weapons
 a - a +3 dagger
 b - a +0 blowgun (weapon)
 q - a +0 dagger of chaos
Missiles
 e - 48 poisoned needles (quivered)
 u - 8 needles of frenzy
Armour
 c - a +1 robe (worn)
 d - a +0 cloak (worn)
 n - a +0 buckler
Wands
 p - a wand of confusion (24/48)
 r - a wand of iceblast (4/15)
 w - a wand of iceblast (10/15)
Scrolls
 i - 6 scrolls of identify
 j - 4 scrolls of teleportation
 m - 4 scrolls of remove curse
 s - a scroll of enchant armour
 t - a scroll of magic mapping
Potions
 k - 2 potions of curing
 l - a potion of flight
 o - a potion of agility
Comestibles
 g - 3 bread rations


   Skills:
 * Level 4.2 Fighting
 - Level 7.4 Short Blades
 - Level 2.0 Throwing
 - Level 3.1 Dodging
 - Level 5.8 Stealth
 * Level 6.1 Invocations


You had 7 spell levels left.
You didn't know any spells.

Dungeon Overview and Level Annotations

Branches:
Dungeon (6/15)             Temple (1/1) D:4

Altars:
Ashenzari
Cheibriados
Dithmenos
Fedhas
Hepliaklqana
Kikubaaqudgha
Makhleb
Nemelex Xobeh
Okawaru
Trog
Uskayaw
Vehumet
Xom
Yredelemnul
Zin

Shops:
D:4 (

Annotations:
D:6 Edmund


Innate Abilities, Weirdness & Mutations

You are very small and have problems with some larger weapons.
You are too small for most types of armour.
You have supernaturally acute eyesight. (SInv)
You are a herbivore.
You cover ground extremely quickly.
You need consume almost no food.
You have an increased reservoir of magic. (+10% MP)
You are somewhat resistant to further mutation.
You are covered in fur. (AC +1)


Message History

You hit Edmund but do no damage.
Edmund shakes off his lethargy.
Edmund goes berserk!
Edmund is severely wounded.
Edmund hits you with a dire flail of protection!
You barely miss Edmund.
Edmund is severely wounded.
Edmund hits you with a dire flail of protection!
You barely miss Edmund.
Edmund is severely wounded.
Wield which item (- for none, * to show all)? (? for menu, Esc to quit)
b - a +0 blowgun (weapon)
Firing (i - inventory. (,) - cycle):
e - 49 poisoned needles (quivered)
Press: ? - help, Shift-Dir - straight line, f/p - Edmund
Aim: Edmund, wielding a dire flail of protection and wearing a ring mail (severely wounded, berserk, fast, unusually strong, poisoned)
You shoot a poisoned needle. The poisoned needle hits Edmund.
Edmund is severely wounded.
Edmund hits you with a dire flail of protection!
* * * LOW HITPOINT WARNING * * *
Edmund hits you with a dire flail of protection!
You die...

##.##...(<##.....####.#
........>..###......).#
#.##..<..## ##########
# ##...## ##..# ##.#
#.# ####@## #..@..#
#.##.## # ###


You could see Edmund (berserk).

Vanquished Creatures
  Sigmund (D:6)
  The ghost of xgamer67 the Archer, an amateur CeAM (D:5)
  An ogre (D:4)
  A centaur (D:5)
  Blork the orc (D:5)
  A water moccasin zombie (D:5)
  A scorpion (D:4)
  A jelly (D:4)
  2 crimson imps (D:5)
  The ghost of sagitran the Sneak, a weakling VSEn (D:3)
  A bullfrog skeleton (D:5)
  2 orc priests (D:5)
  4 hounds
  An orc wizard (D:5)
  2 iguanas
  5 worker ants
  A hound zombie (D:5)
  A hound skeleton (D:4)
  9 adders
  An ooze (D:5)
  An adder skeleton (D:4)
  2 worms
  2 dart slugs
  4 leopard geckos
  5 orcs
  8 bats
  6 giant cockroaches
  8 goblins
  4 hobgoblins
  7 jackals
  5 quokkas
  A ball python (D:3)
  2 frilled lizards (D:2)
  A jackal skeleton (D:4)
  6 kobolds
  19 rats
119 creatures vanquished.

Notes
Turn   | Place    | Note
-------+----------+-------------------------------------------
     0 | D:1      | vatarom the Spriggan Assassin began the quest for the Orb.
     0 | D:1      | Reached XP level 1. HP: 10/10 MP: 2/2
   274 | D:1      | Reached XP level 2. HP: 15/15 MP: 3/3
   969 | D:2      | Reached XP level 3. HP: 18/18 MP: 4/4
  1185 | D:2      | Found a snail-covered altar of Cheibriados.
  1218 | D:2      | Reached skill level 3 in Short Blades
  1660 | D:2      | Reached XP level 4. HP: 23/23 MP: 5/5
  1914 | D:3      | Noticed sagitran's ghost (weakling VSEn)
  1928 | D:3      | Killed sagitran's ghost
  1928 | D:3      | Reached skill level 4 in Short Blades
  1945 | D:3      | Found a glowing silver altar of Zin.
  2384 | D:3      | Found a shimmering altar of Xom.
  2388 | D:3      | Reached XP level 5. HP: 26/26 MP: 6/6
  2726 | D:4      | Found Fayggaa's Antique Weapon Shoppe.
  2766 | D:4      | Reached skill level 5 in Short Blades
  2779 | D:4      | Found a staircase to the Ecumenical Temple.
  2794 | D:4      | Noticed an ogre
  2798 | D:4      | Killed an ogre
  2798 | D:4      | Reached skill level 6 in Short Blades
  2812 | Temple   | Entered the Ecumenical Temple
  2848 | Temple   | Became a worshipper of Uskayaw the Reveler
  3050 | D:4      | Reached XP level 6. HP: 30/30 MP: 7/7
  3050 | D:4      | Reached * piety under Uskayaw
  3127 | D:4      | Found a burning altar of Makhleb.
  3202 | D:4      | Gained mutation: You are covered in fur. (AC +1) [potion of mutation]
  3202 | D:4      | Gained mutation: You have an increased reservoir of magic. (+10% MP) [potion of mutation]
  3202 | D:4      | Gained mutation: You are somewhat resistant to further mutation. [potion of mutation]
  3224 | D:4      | Reached ** piety under Uskayaw
  3249 | D:4      | Reached *** piety under Uskayaw
  3250 | D:4      | Reached skill level 7 in Short Blades
  3262 | D:4      | Reached **** piety under Uskayaw
  3268 | D:4      | Found an ancient bone altar of Kikubaaqudgha.
  3385 | D:4      | Found an iron altar of Okawaru.
  3394 | D:4      | Reached skill level 1 in Invocations
  3498 | D:5      | Entered Level 5 of the Dungeon
  3506 | D:5      | Reached XP level 7. HP: 32/35 MP: 10/10
  3518 | D:5      | Noticed xgamer67's ghost (amateur CeAM)
  3536 | D:5      | Killed xgamer67's ghost
  3808 | D:5      | Noticed Blork the orc
  3821 | D:5      | Killed Blork the orc
  4708 | D:5      | Reached XP level 8. HP: 39/40 MP: 13/13
  4833 | D:5      | Reached skill level 5 in Invocations
  5031 | D:6      | Noticed Sigmund
  5038 | D:6      | Killed Sigmund
  5371 | D:6      | Noticed Edmund
  5768 | D:6      | Slain by Edmund

Skill      XL: |  1  2  3  4  5  6  7  8 |
---------------+-------------------------+-----
Dodging        | 2 3 |  3.1
Fighting       | 2 3 4 |  4.2
Short Blades   | 3 4 6 7 |  7.4
Invocations    | 1 4 6 |  6.1
Throwing       | |  2.0
Stealth        | |  5.8

Action                   |  1- 3 |  4- 6 |  7- 9 || total
-------------------------+-------+-------+-------++-------
Melee: Dagger            |   130 |   142 |   282 ||   554
 Fire: Blowgun           |       |       |     3 ||     3
Invok: Stomp             |       |       |     5 ||     5
  Use: Scroll            |     6 |     1 |     2 ||     9
       Potion            |       |     4 |     4 ||     8
 Stab: Sleeping          |     9 |    15 |     4 ||    28
       Distracted        |     1 |     1 |       ||     2
       Petrifying        |       |     1 |       ||     1
       Paralysed         |       |     3 |     4 ||     7
       Confused          |       |       |     3 ||     3
  Eat: Fruit             |       |       |     4 ||     4
Armor: Robe              |    20 |    12 |    29 ||    61
Dodge: Dodged            |   116 |    86 |   140 ||   342
